 Dungeon Crawl Stone Soup version 0.17-a0-1945-gfe993df (webtiles) character file.

57 dpvblackbelt the Skirmisher (level 4, -2/49 HPs)
             Began as an Ogre Hunter on Sept 30, 2015.
             Slain by a hobgoblin
             ... wielding a +0 club
              (3 damage)
             ... on level 2 of the Dungeon.
             The game lasted 00:08:13 (1588 turns).

dpvblackbelt the Skirmisher (Ogre Hunter)           Turns: 1588, Time: 00:08:13

Health: -2/49      AC:  3    Str: 18    XL:     4   Next: 0%
Magic:  4/4        EV: 10    Int: 10    God:    Xom [..*...]
Gold:   56         SH:  0    Dex: 10    Spells: 0 memorised, 3 levels left

rFire  . . .     SeeInvis .     k - +0 club
rCold  . . .     Clarity  .     d - +0 robe
rNeg   . . .     SustAt   .     (no shield)
rPois  .         Gourm    .     (helmet restricted)
rElec  .         Spirit   .     (no cloak)
rCorr  .         Warding  .     (gloves unavailable)
rMut   .         Stasis   .     (boots unavailable)
MR     .....                    (no amulet)
Stlth  +.........               (no ring)
                                (no ring)

@: starving, not resistant to hostile enchantments, very unstealthy
A: unfitting armour, tough skin 1
a: Renounce Religion


You were on level 2 of the Dungeon.
You worshipped Xom.
You were a toy of Xom.
You were starving.

You visited 1 branch of the dungeon, and saw 2 of its levels.

You collected 56 gold pieces.

Inventory:

Hand weapons
 k - a +0 club (weapon)
   (You took it off a hobgoblin on level 1 of the Dungeon)
Missiles
 j - 24 stones (quivered)
Armour
 d - a +0 robe (worn)
Jewellery
 a - an uncursed ring of protection from fire {unknown}
   (You found it on level 1 of the Dungeon)
Scrolls
 b - 3 scrolls of identify {unknown}
 g - 2 scrolls of remove curse {unknown}
 h - a scroll of teleportation {unknown}
Potions
 c - a potion of might {unknown}
 i - a potion of curing {unknown}
Comestibles
 e - 3 bread rations {@e1@e1}


   Skills:
 - Level 4.5 Fighting
 + Level 2.9 Maces & Flails
 - Level 4.3 Throwing
 - Level 1.7 Dodging
 - Level 0.7 Stealth


You had 3 spell levels left.
You didn't know any spells.

Dungeon Overview and Level Annotations

Branches:
Dungeon (2/15)

Altars:
Xom


Innate Abilities, Weirdness & Mutations

You are too large for most types of armour.
You have tough skin (AC +1).


Message History

You have reached level 4!
Health restored: 49; MP restored: 4 No target in view!
j - 29 stones (gained 1)
j - 30 stones (gained 1)
j - 31 stones (gained 1)
j - 32 stones (gained 1)
j - 33 stones (gained 1)
You now have 56 gold pieces (gained 13).
The worm is too close now for your liking.
Aim: a worm You throw a stone.
The stone hits the worm but does no damage.
A worm is nearby!
Aim: a worm You throw a stone.
The stone hits the worm.
Aim: a worm (lightly wounded)
You throw a stone. The stone hits the worm.
Aim: a worm (lightly wounded)
You throw a stone. The stone hits the worm.
A worm is nearby!
Aim: a worm (moderately wounded)
You throw a stone. The stone hits the worm.
A worm is nearby!
Aim: a worm (moderately wounded)
You throw a stone. The stone barely misses the worm.
A worm is nearby!
Aim: a worm (moderately wounded)
You throw a stone. The stone barely misses the worm.
A worm is nearby!
Aim: a worm (lightly wounded)
You throw a stone. The stone barely misses the worm.
Aim: a worm (lightly wounded)
You throw a stone.
The stone hits the worm but does no damage.
A hobgoblin comes into view. It is wielding a club.
There are monsters nearby!
The hobgoblin shouts!
You hit the worm.
There are monsters nearby!
You completely miss the worm. The worm closely misses you.
There are monsters nearby!
You barely miss the worm. The worm bites you!
You take 9 damage, and have 40/49 hp.
There are monsters nearby!
You hit the worm. The worm bites you.
You take 1 damage, and have 39/49 hp.
There are monsters nearby!
You hit the worm.
There are monsters nearby!
You hit the worm but do no damage. The worm bites you.
The hobgoblin hits you but does no damage.
You take 6 damage, and have 33/49 hp.
You hit the worm. The hobgoblin hits you with a club. The worm bites you.
You take 5 damage, and have 28/49 hp.
There are monsters nearby!
You are too injured to fight recklessly!
There are monsters nearby!
You are too injured to fight recklessly!
There are monsters nearby!
You are too injured to fight recklessly!
There are monsters nearby!
You are too injured to fight recklessly!
You are too injured to fight recklessly!
There are monsters nearby!
You are too injured to fight recklessly!
There are monsters nearby!
You are too injured to fight recklessly!
You are too injured to fight recklessly!
You are too injured to fight recklessly!
You barely miss the hobgoblin. The hobgoblin closely misses you.
You hit the hobgoblin. The worm bites you but does no damage.
The hobgoblin hits you with a club.
You take 5 damage, and have 24/49 hp.
You closely miss the hobgoblin. The hobgoblin closely misses you.
The worm barely misses you.
You closely miss the hobgoblin. The hobgoblin hits you with a club.
The worm bites you.
You take 3 damage, and have 21/49 hp.
You barely miss the hobgoblin. The hobgoblin hits you with a club.
You take 2 damage, and have 19/49 hp.
You closely miss the hobgoblin. The worm bites you!
* * * LOW HITPOINT WARNING * * *
The hobgoblin hits you with a club.
* * * LOW HITPOINT WARNING * * *
You take 11 damage, and have 8/49 hp.
MASSIVE DAMAGE!!
You hit the hobgoblin. The hobgoblin closely misses you.
The worm closely misses you.
You are starving!
You hit the hobgoblin but do no damage. The hobgoblin hits you with a club.
* * * LOW HITPOINT WARNING * * *
You take 4 damage, and have 5/49 hp.
You hit the hobgoblin but do no damage. The worm bites you.
* * * LOW HITPOINT WARNING * * *
The hobgoblin hits you with a club.
* * * LOW HITPOINT WARNING * * *
You take 4 damage, and have 1/49 hp.
You closely miss the hobgoblin. The hobgoblin hits you with a club.
You die...

######.................(....
#................##.........
....##.#.####.....##..........
# #.#.###......##..........
###...............##.####..
...............##..##.###..#
.................#...#.#...##
####...........#.........###
.........g@..#........##
...........w.....##..#.#
....#......(..#.####.....
...........(.##.# ####...
#.#........(##.#### .#...
.........(....... #.####
..#........(...... #.##
....#.#.<....... ..# #
............#.# #.##.


You could see a worm and a hobgoblin.

Vanquished Creatures
  Jessica (D:2)
  An ooze (D:1)
  A worm (D:1)
  A giant cockroach (D:2)
  2 goblins (D:1)
  3 hobgoblins (D:1)
  A quokka (D:1)
  8 bats
  A giant newt (D:2)
  3 kobolds (D:1)
  5 rats (D:1)
27 creatures vanquished.

Notes
Turn   | Place    | Note
--------------------------------------------------------------
     0 | D:1      | dpvblackbelt the Ogre Hunter began the quest for the Orb.
     0 | D:1      | Reached XP level 1. HP: 22/22 MP: 1/1
    24 | D:1      | Reached skill level 3 in Fighting
   271 | D:1      | Reached XP level 2. HP: 31/31 MP: 2/2
   438 | D:1      | Reached skill level 4 in Fighting
   855 | D:2      | Noticed Jessica
   874 | D:1      | Reached XP level 3. HP: 25/40 MP: 3/3
  1099 | D:2      | Killed Jessica
  1099 | D:2      | Reached skill level 2 in Maces & Flails
  1432 | D:2      | Found a faded altar to an unknown god.
  1470 | D:2      | Became a worshipper of Xom of Chaos
  1476 | D:2      | XOM: divination: magic mapping
  1511 | D:2      | XOM: harmless Air miscast
  1532 | D:2      | Reached XP level 4. HP: 49/49 MP: 4/4
  1584 | D:2      | HP: 11/49 [worm (8)]
  1586 | D:2      | HP: 5/49 [hobgoblin/club (4)]
  1587 | D:2      | HP: 2/49 [worm (3)]
  1588 | D:2      | Slain by a hobgoblin

Vault maps used:
D:1:      scummos_arrival_checkerplants, nrook_mini_vaults,
          hangedman_feature_mirror
D:2:      lemuel_coloured_pillars_altar, ecumenical_altar_1, uniq_jessica,
          uniq_iyjb, uniq_crazy_yiuf_cottage

Action                   |  1- 3 |  4- 6 || total
-------------------------+-------+-------++-------
Melee: Short sword       |    28 |       ||    28
       Club              |    36 |    17 ||    53
Throw: Large rock        |    27 |       ||    27
       Stone             |    54 |     9 ||    63
       Throwing net      |     3 |       ||     3

Vault maps used:
D:1:      scummos_arrival_checkerplants, nrook_mini_vaults,
          hangedman_feature_mirror
D:2:      lemuel_coloured_pillars_altar, ecumenical_altar_1, uniq_jessica,
          uniq_iyjb, uniq_crazy_yiuf_cottage

Table legend:
 A = Turns spent in this place as a percentage of turns spent in the entire game.
 B = Non-inter-level travel turns spent in this place as a percentage of non-inter-level travel turns spent in the entire game.
 C = Inter-level travel turns spent in this place as a percentage of turns spent in this place.
 D = Turns resting spent in this place as a percentage of non-inter-level travel turns spent in this place.
 E = Turns spent auto-exploring this place as a percentage of non-inter-level travel turns spent in this place.
 F = Non-inter-level travel turns spent in this place divided by the number of levels of this place that you've seen.
                   A       B       C       D       E      F
               +-------+-------+-------+-------+-------+----------------------
         Total | 100.0 | 100.0 |   0.7 |   1.7 |   7.6 | 271.0
       Dungeon | 100.0 | 100.0 |   0.7 |   1.7 |   7.6 | 271.0
               +-------+-------+-------+-------+-------+----------------------

Table legend:
 A = Kills in this place as a percentage of kills in entire the game.
 B = Kills by you in this place as a percentage of kills by you in the entire game.
 C = Kills by friends in this place as a percentage of kills by friends in the entire game.
 D = Other kills in this place as a percentage of other kills in the entire game.
 E = Experience gained in this place as a percentage of experience gained in the entire game.
 F = Experience gained in this place divided by the number of levels of this place that you have seen.
                   A       B       C       D       E      F
               +-------+-------+-------+-------+-------+----------------------
         Total | 100.0 | 100.0 |  -nan |  -nan | 100.0 |  41.0
       Dungeon | 100.0 | 100.0 |  -nan |  -nan | 100.0 |  41.0
               +-------+-------+-------+-------+-------+----------------------
